 Dungeon Crawl Stone Soup version 0.30-a0-159-g068b764562 (webtiles) character file.

Game seed: 4994044813560407170

15 IdlyInterested the Changer (level 2, 0/31 HPs)
             Began as a Demonspawn Wanderer on Sept 27, 2022.
             Slain by a kobold
             ... wielding a +3 dagger of freezing
              (2 damage)
             ... on level 1 of the Dungeon.
             The game lasted 00:03:49 (1353 turns).

IdlyInterested the Changer (Demonspawn Wanderer)    Turns: 1353, Time: 00:03:50

Health: 0/31       AC: 21    Str: 10    XL:     2   Next: 34%
Magic:  3/3        EV:  2    Int: 14    God:
Gold:   67         SH:  0    Dex: 13    Spells: 0/3 levels left

rFire   . . .      SeeInvis .    s - +4 short sword
rCold   . . .      Faith    .    (no shield)
rNeg    . . .      Spirit   .    (body armour currently unavailable)
rPois   +          Reflect  .    (helmet currently unavailable)
rElec   .          Harm     .    (cloak currently unavailable)
rCorr   .          Rampage  .    (gloves currently unavailable)
Will    .....      NoTele   +    (boots currently unavailable)
Stlth   ++........               (no amulet)
HPRegen 0.10/turn                (no ring)
MPRegen 0.08/turn                (no ring)

@: tree-form
A: stationary, stasis, torment immunity, boosted hp, (weakness stinger 1)
a: no special abilities


You were on level 1 of the Dungeon.
You were a tree.
You visited 1 branch of the dungeon, and saw 1 of its levels.

You collected 67 gold pieces.

Inventory:

Hand Weapons
 a - a +0 dagger
 g - a +0 short sword
 s - a +4 short sword (weapon)
Missiles
 b - 15 poisoned darts
Armour
 e - a +0 robe
 h - a +0 leather armour
 k - a +0 ring mail (melded)
 r - a +0 chain mail
Jewellery
 n - an amulet of regeneration
 q - a ring of see invisible
Scrolls
 c - 3 scrolls of teleportation
 d - a scroll of fear
 i - a scroll of enchant armour {unknown}
 m - a scroll of brand weapon {unknown}
 o - a scroll of noise {unknown}
 p - a scroll of enchant weapon {unknown}
Potions
 l - a potion of degeneration {unknown}


   Skills:
 * Level 1.1 Fighting
 - Level 1.0 Throwing
 + Level 0.5 Armour
 - Level 1.0 Stealth
 - Level 2.6 Unarmed Combat
 - Level 1.0 Spellcasting
 * Level 3.0 Transmutations
 - Level 1.0 Evocations


You couldn't memorise any spells.
You knew the following spells:

 Your Spells              Type           Power      Damage    Failure   Level
a - Sting                 Tmut/Pois      16%        1d3       14%         1
b - Passwall              Tmut/Erth      3%         N/A       22%         2

Your spell library contained the following spells:

 Spells                   Type           Power      Damage    Failure   Level
 Ignite Poison            Fire/Tmut/Pois 3%         N/A       45%         3


Dungeon Overview and Level Annotations

Branches:
Dungeon (1/15)

Altars:


Innate Abilities, Weirdness & Mutations

You are a tree.
Your roots penetrate the ground, keeping you stationary.
You cannot be teleported.
You are immune to unholy pain and torment.
Your maximum health is greatly increased.
Your equipment is partially melded.
((You have a small tail.))


Message History

Your magical contamination has completely faded away.
You start resting.
Magic restored.
You start resting.
HP restored.
Items here: )) ††.
s - a +4 short sword
s - a +4 short sword (weapon)
Unknown command.
You drop a +0 mace.
Found 7 stones.
Found a kite shield.
A kobold comes into view. It is wielding a +3 dagger of freezing.
The kobold shouts!
The kobold throws a stone.
The stone closely misses you.
A goblin comes into view. It is wielding a +0 club.
The goblin shouts!
You closely miss the kobold.
You tail-slap the kobold, but do no damage.
The kobold hits you but does no damage.
You barely miss the kobold. The kobold closely misses you.
The goblin hits you with a +0 club.
You barely miss the kobold.
The kobold hits you with a +3 dagger of freezing.
The kobold freezes you. The goblin hits you with a +0 club.
You hit the kobold.
The kobold is moderately wounded.
The goblin barely misses you.
The kobold hits you with a +3 dagger of freezing.
* * * LOW HITPOINT WARNING * * *
The kobold freezes you.
* * * LOW HITPOINT WARNING * * *
It was a potion of lignification.
You turn into a tree.
Your +0 ring mail melds into your body.
Your roots penetrate the ground.
The goblin hits you with a +0 club.
* * * LOW HITPOINT WARNING * * *
The kobold hits you with a +3 dagger of freezing.
* * * LOW HITPOINT WARNING * * *
The kobold freezes you.
You die...

.........#....##.##.##...### ####
###.###.##..#######...##...######
.........#..#### ########.......
#####.####.....### ###.....
####.## #.(.....#### #..#.#
.....# ###......#.# ##.#.#
####.## #.........#### ###.#
##....# ##............ #...
..>.>#.....#....♣g...... ##..
.....###.####....K#.#... #..
##.##.# # #.....[## #.. ##.# #.#
##......# #.. ##.###.# #..##.##
#.. ##...# # ####### #########.#
...... #.#.####.........# ####.#
#...........###### #
#..........##


You could see a goblin and a kobold.

Vanquished Creatures
  A ball python (D:1)
  2 endoplasms (D:1)
  A giant cockroach (D:1)
  2 goblins (D:1)
  A hobgoblin (D:1)
  2 kobolds (D:1)
  A quokka (D:1)
  A bat (D:1)
  A frilled lizard (D:1)
  A rat (D:1)
13 creatures vanquished.

Notes
Turn   | Place    | Note
-------+----------+-------------------------------------------
     0 | D:1      | IdlyInterested the Demonspawn Wanderer began the quest for
                  | the Orb.
     0 | D:1      | IdlyInterested set off with the following items: a +0
                  | dagger, 15 poisoned darts, a scroll of teleportation, a
                  | scroll of fear, a +0 robe; and the following spell
                  | memorised: Sting; and the following spells available to
                  | memorise: Passwall, Ignite Poison.
     0 | D:1      | Reached XP level 1. HP: 13/13 MP: 2/2
   901 | D:1      | Gained mutation: You have a small tail. [demonic ancestry]
   901 | D:1      | Reached XP level 2. HP: 20/20 MP: 1/3
   966 | D:1      | Reached skill level 1 in Fighting
  1005 | D:1      | Learned a level 2 spell: Passwall
  1090 | D:1      | Reached skill level 3 in Transmutations
  1353 | D:1      | Slain by a kobold

Illustrated notes

Levels and vault maps discovered:
D:1:      dpeg_arrival_arbitrary_a, layout_loops_ring, serial_glass,
          glass_columns_c, glass_columns_a, due_unseen_surprise,
          minmay_strange_pillars, feat_on_display

Skill      XL: |  1  2 |
---------------+-------+-----
Fighting       | 1 |  1.1
Transmutations | 3 |  3.0
Throwing       | |  1.0
Armour         | |  0.5
Stealth        | |  1.0
Unarmed Combat | |  2.6
Spellcasting   | |  1.0
Evocations     | |  1.0

Action                   || total
-------------------------++-------
Melee: Short sword       ||    50
       Dagger            ||     9
       Tailslap          ||     2
 Cast: Sting             ||    12
       Passwall          ||     2
  Use: Potion            ||     1
Armor: Robe              ||     4
       Leather armour    ||     8
       Ring mail         ||     6
Dodge: Dodged            ||    29

Table legend: (Time is in decaauts)
 A = Elapsed time spent in this place.
 B = Non-inter-level travel time spent in this place.
 C = Inter-level travel time spent in this place.
 D = Time resting spent in this place.
 E = Time spent auto-exploring this place.
 F = Levels seen in this place.
 G = Mean time per level.
                   A        B        C        D        E       F      G
               +--------+--------+--------+--------+--------+-----+--------+
         Total |   1352 |   1352 |      0 |    890 |    244 |   1 | 1352.0 |
       Dungeon |   1352 |   1352 |      0 |    890 |    244 |   1 | 1352.0 |
               +--------+--------+--------+--------+--------+-----+--------+

Top non-repeatable levels by time:
     D:1: 1352 daAuts
